Pittsburgh Penguins vs Hartford Whalers
Created - Wednesday, February 28, 2024 at 06:36
Goals
|
| Pittsburgh Penguins |
1 |
2 |
1 |
4 |
| Hartford Whalers |
2 |
0 |
0 |
2 |
|
Shots
|
| Pittsburgh Penguins |
8 |
19 |
8 |
35 |
| Hartford Whalers |
5 |
15 |
11 |
31 |
|
1st period
1. Hartford Whalers , Alexis Lafreniere 5 (Joshua Norris 8) at 3:09
2. Pittsburgh Penguins , Sam Reinhart 12 (Anders Lee 12, Erik Karlsson 12) at 10:58
3. Hartford Whalers , Andre Burakovsky 11 (Alexander Wennberg 9, Jaccob Slavin 7) at 17:27 (PP)
Penalties :
Anders Lee (PIT) for Slashing (Minor) at 12:47, Erik Gudbranson (PIT) for Hooking (Minor) at 16:58
2nd period
4. Pittsburgh Penguins , Sam Reinhart 13 (Anders Lee 13) at 7:37 (PP)
5. Pittsburgh Penguins , Sam Reinhart 14 (J.J. Moser 2, Anders Lee 14) at 14:14
Penalties :
Thomas Chabot (HFD) for Boarding (Minor) at 0:03, Taylor Hall (HFD) for Hooking (Minor) at 7:09
3rd period
6. Pittsburgh Penguins , Colton Sissons 5 (Brian Dumoulin 4) at 9:46
Penalties :
Mitchell Marner (PIT) for Interference (Minor) at 1:23, Tom Wilson (PIT) for Tripping (Minor) at 12:58
Goalie Stats
Marc-Andre Fleury (PIT), 29 saves from 31 shots - (0.935), W, 11-3-2, 60:00 minutes
Semyon Varlamov (HFD), 31 saves from 35 shots - (0.886), L, 4-10-3, 60:00 minutes
Players Stats for Pittsburgh Penguins
Player Name G A P +/- PIM S H SB GA TA FO MP PP MP PK MP
------------------------------------------------------------------------------------
Anders Lee 0 3 3 1 2 2 2 0 2 0 0/0 16:04 1:05 0:33
Brian Dumoulin 0 1 1 1 0 0 0 3 0 1 0/0 22:11 0:59 3:14
Colton Sissons 1 0 1 1 0 1 1 0 0 0 0/1 8:22 0:00 0:00
Erik Gudbranson 0 0 0 0 2 1 1 1 0 0 0/0 15:16 0:00 0:00
Erik Karlsson 0 1 1 1 0 0 3 1 1 0 0/0 22:32 1:28 3:12
Gabriel Vilardi 0 0 0 1 0 1 0 0 0 1 0/0 8:48 0:00 0:00
J.J. Moser 0 1 1 0 0 3 0 0 0 0 0/0 15:17 0:00 0:00
Jean-Gabriel Pageau 0 0 0 1 0 2 1 0 0 0 5/12 15:31 1:05 0:00
Jordan Eberle 0 0 0 0 0 0 0 0 0 0 0/0 12:31 0:00 0:00
Leon Draisaitl 0 0 0 0 0 4 1 1 0 0 13/24 20:04 1:22 3:15
Mattias Ekholm 0 0 0 1 0 1 2 0 0 0 0/0 22:32 1:28 3:12
Mitchell Marner 0 0 0 0 2 4 0 1 2 0 1/2 19:05 1:22 2:17
Pavel Buchnevich 0 0 0 0 0 4 0 0 1 0 0/1 20:01 1:22 3:09
Phillip Danault 0 0 0 0 0 1 1 0 1 0 7/10 13:30 0:00 0:51
Ryan Johansen 0 0 0 0 0 0 1 0 2 0 0/1 12:22 0:00 0:00
Ryan Suter 0 0 0 1 0 1 1 2 0 0 0/0 22:11 0:59 3:14
Sam Reinhart 3 0 3 1 0 8 0 1 1 1 1/2 18:22 1:05 2:47
Tom Wilson 0 0 0 1 2 2 4 0 0 0 0/0 8:51 0:00 0:00
Players Stats for Hartford Whalers
Player Name G A P +/- PIM S H SB GA TA FO MP PP MP PK MP
------------------------------------------------------------------------------------
Alec Martinez 0 0 0 0 0 1 0 2 0 2 0/0 17:55 3:10 0:39
Alexander Wennberg 0 1 1 0 0 3 1 0 0 0 10/22 20:24 3:21 1:02
Alexis Lafreniere 1 0 1 0 0 4 1 0 0 0 0/0 16:23 3:02 0:00
Andre Burakovsky 1 0 1 0 0 5 1 0 0 0 0/1 16:16 3:02 0:00
Casey Cizikas 0 0 0 -1 0 1 2 1 0 1 5/8 13:43 0:03 1:25
Eetu Luostarinen 0 0 0 -1 0 3 3 0 0 1 0/1 13:02 0:00 1:25
Erik Cernak 0 0 0 0 0 1 3 0 0 1 0/0 19:41 0:00 1:48
Jaccob Slavin 0 1 1 -2 0 1 2 4 0 0 0/0 23:38 3:16 0:39
Joel Edmundson 0 0 0 0 0 0 0 4 0 0 0/0 19:41 0:00 1:48
Josh Anderson 0 0 0 -1 0 1 1 0 0 0 1/1 12:56 0:03 1:02
Joshua Norris 0 1 1 0 0 1 0 1 0 2 6/15 16:16 3:02 0:00
Marcus Foligno 0 0 0 -1 0 2 1 1 0 0 0/0 10:08 0:03 0:00
Mike Hoffman 0 0 0 -1 0 2 0 0 2 1 0/0 9:46 0:00 0:00
Nikita Zaitsev 0 0 0 0 0 0 1 1 0 0 0/0 16:41 3:10 0:00
Ryan Strome 0 0 0 -1 0 3 0 0 0 0 3/3 9:46 0:00 0:00
T.J. Oshie 0 0 0 0 0 1 3 2 1 1 0/1 19:13 3:21 0:00
Taylor Hall 0 0 0 0 2 1 3 0 0 0 1/1 19:12 3:21 0:00
Thomas Chabot 0 0 0 -2 2 1 1 1 0 1 0/0 22:50 3:16 0:00
3 Stars
1 - Sam Reinhart (PIT)
2 - Anders Lee (PIT)
3 - Colton Sissons (PIT)
Power Play
Pittsburgh Penguins - 1 on 2 Attempt(s) - 50.00%
Hartford Whalers - 1 on 4 Attempt(s) - 25.00%
Penalty Kill
Pittsburgh Penguins - 3 on 4 Attempt(s) - 75.00%
- Score 0 goal in Penalty Kill
Hartford Whalers - 1 on 2 Attempt(s) - 50.00%
- Score 0 goal in Penalty Kill
Team Stat
Pittsburgh Penguins - Hits : 18 - Faceoff Wins : 27 - Blocked Shots : 10 - Penalty Minutes : 8
Hartford Whalers - Hits : 23 - Faceoff Wins : 26 - Blocked Shots : 17 - Penalty Minutes : 4
Official
Referees : Tom Kowal and Chris Lee
Linesman : Lonnie Cameron and Pierre Racicot
Game Notes
Sam Reinhart has scored a Hat Trick!
Finance
Level 1 -- Attendance: 4814 (48.14%) -- Ticket Income $481,400
Level 2 -- Attendance: 3391 (67.82%) -- Ticket Income $203,460
Level 3 -- Attendance: 2351 (78.37%) -- Ticket Income $82,285
Level 4 -- Attendance: 3729 (74.58%) -- Ticket Income $93,225
Luxury Box -- Attendance: 807 (80.70%) -- Ticket Income $161,400
Game was played at the Hartford Civic Center.
Total Attendance: 15092 (62.88%)
Total Ticket Income: $1,021,770
Other Income: $357,620
Total Income: $1,379,390
Pittsburgh Penguins
5 vs 5 Forward
Center Left Wing Right Wing Time % Phy DF OF
1 Leon Draisaitl Pavel Buchnevich Mitchell Marner 30 1 2 2
2 Jean-Gabriel Pageau Anders Lee Sam Reinhart 30 1 2 2
3 Phillip Danault Jordan Eberle Ryan Johansen 25 1 2 2
4 Colton Sissons Gabriel Vilardi Tom Wilson 15 1 2 2
5 vs 5 Defense
Defense Defense Time % Phy DF OF
1 Erik Karlsson Mattias Ekholm 35 1 2 2
2 Ryan Suter Brian Dumoulin 35 1 2 2
3 Erik Gudbranson J.J. Moser 30 1 2 2
4 Erik Karlsson Mattias Ekholm 0 1 2 2
PowerPlay Forward
Center Left Wing Right Wing Time % Phy DF OF
1 Leon Draisaitl Pavel Buchnevich Mitchell Marner 50 1 2 2
2 Jean-Gabriel Pageau Anders Lee Sam Reinhart 50 1 2 2
PowerPlay Defense
Defense Defense Time % Phy DF OF
1 Erik Karlsson Mattias Ekholm 50 1 2 2
2 Ryan Suter Brian Dumoulin 50 1 2 2
Penalty Kill 4 Players Forward
Center Wing Time % Phy DF OF
1 Leon Draisaitl Mitchell Marner 50 1 2 2
2 Sam Reinhart Pavel Buchnevich 50 1 2 2
Penalty Kill 4 Players Defense
Defense Defense Time % Phy DF OF
1 Erik Karlsson Mattias Ekholm 50 1 2 2
2 Ryan Suter Brian Dumoulin 50 1 2 2
Penalty Kill - 3 Players Forward
Forward Time % Phy DF OF
1 Leon Draisaitl 50 1 2 2
2 Mitchell Marner 50 1 2 2
Penalty Kill - 3 Players Defense
Defense Defense Time % Phy DF OF
1 Erik Karlsson Mattias Ekholm 50 1 2 2
2 Ryan Suter Brian Dumoulin 50 1 2 2
4 vs 4 Forward
Center Wing Time % Phy DF OF
1 Leon Draisaitl Mitchell Marner 50 1 2 2
2 Sam Reinhart Pavel Buchnevich 50 1 2 2
4 vs 4 Defense
Defense Defense Time % Phy DF OF
1 Erik Karlsson Mattias Ekholm 50 1 2 2
2 Ryan Suter Brian Dumoulin 50 1 2 2
Last Minutes Offensive
Center Left Wing Right Wing Defense Defense
Leon Draisaitl Pavel Buchnevich Mitchell Marner Erik Karlsson Mattias Ekholm
Last Minutes Defensive
Center Left Wing Right Wing Defense Defense
Leon Draisaitl Pavel Buchnevich Mitchell Marner Erik Karlsson Mattias Ekholm
Goaltenders
Starting : Marc-Andre Fleury
Backup : Akira Schmid
Extra Forwards
Normal : Tom Wilson, Gabriel Vilardi, Phillip Danault - PP : Tom Wilson, Gabriel Vilardi - PK : Phillip Danault
Extra Defensemen
Normal : Erik Gudbranson, J.J. Moser, Ryan Suter - PP : Erik Gudbranson - PK : J.J. Moser, Ryan Suter
Penalty Shots
Leon Draisaitl, Mitchell Marner, Sam Reinhart, Pavel Buchnevich, Jean-Gabriel Pageau
Hartford Whalers
5 vs 5 Forward
Center Left Wing Right Wing Time % Phy DF OF
1 Alexander Wennberg Taylor Hall T.J. Oshie 35 1 1 3
2 Joshua Norris Andre Burakovsky Alexis Lafreniere 30 1 1 3
3 Casey Cizikas Eetu Luostarinen Josh Anderson 25 2 2 1
4 Ryan Strome Mike Hoffman Marcus Foligno 10 1 2 2
5 vs 5 Defense
Defense Defense Time % Phy DF OF
1 Jaccob Slavin Thomas Chabot 38 1 3 1
2 Joel Edmundson Erik Cernak 37 1 3 1
3 Alec Martinez Nikita Zaitsev 25 1 3 1
4 Jaccob Slavin Thomas Chabot 0 1 2 2
PowerPlay Forward
Center Left Wing Right Wing Time % Phy DF OF
1 Alexander Wennberg Taylor Hall T.J. Oshie 50 1 1 3
2 Joshua Norris Andre Burakovsky Alexis Lafreniere 50 2 1 2
PowerPlay Defense
Defense Defense Time % Phy DF OF
1 Thomas Chabot Jaccob Slavin 50 1 1 3
2 Alec Martinez Nikita Zaitsev 50 1 2 2
Penalty Kill 4 Players Forward
Center Wing Time % Phy DF OF
1 Casey Cizikas Eetu Luostarinen 50 1 4 0
2 Alexander Wennberg Josh Anderson 50 1 4 0
Penalty Kill 4 Players Defense
Defense Defense Time % Phy DF OF
1 Joel Edmundson Erik Cernak 50 2 3 0
2 Alec Martinez Jaccob Slavin 50 2 3 0
Penalty Kill - 3 Players Forward
Forward Time % Phy DF OF
1 Casey Cizikas 50 1 4 0
2 Alexander Wennberg 50 1 4 0
Penalty Kill - 3 Players Defense
Defense Defense Time % Phy DF OF
1 Joel Edmundson Erik Cernak 50 2 3 0
2 Jaccob Slavin Nikita Zaitsev 50 1 4 0
4 vs 4 Forward
Center Wing Time % Phy DF OF
1 Alexander Wennberg Andre Burakovsky 50 1 2 2
2 Casey Cizikas Josh Anderson 50 2 2 1
4 vs 4 Defense
Defense Defense Time % Phy DF OF
1 Thomas Chabot Jaccob Slavin 50 1 2 2
2 Joel Edmundson Erik Cernak 50 2 2 1
Last Minutes Offensive
Center Left Wing Right Wing Defense Defense
Alexander Wennberg Alexis Lafreniere Andre Burakovsky Thomas Chabot Jaccob Slavin
Last Minutes Defensive
Center Left Wing Right Wing Defense Defense
Casey Cizikas Eetu Luostarinen Josh Anderson Joel Edmundson Erik Cernak
Goaltenders
Starting : Semyon Varlamov
Backup : Craig Anderson
Extra Forwards
Normal : Andre Burakovsky, Joshua Norris, Alexis Lafreniere - PP : Andre Burakovsky, Taylor Hall - PK : Casey Cizikas
Extra Defensemen
Normal : Jaccob Slavin, Alec Martinez, Nikita Zaitsev - PP : Thomas Chabot - PK : Joel Edmundson, Erik Cernak
Penalty Shots
Alexander Wennberg, Andre Burakovsky, T.J. Oshie, Taylor Hall, Josh Anderson
% Time on Ice - Pittsburgh Penguins
Lines # - Real PCT - Wanted PCT - Time Play
Normal Forward
1 - 31% - 30% - 15:53
2 - 28% - 30% - 14:30
3 - 24% - 25% - 12:22
4 - 16% - 15% - 8:22
Normal Defense
1 - 35% - 35% - 17:52
2 - 35% - 35% - 17:58
3 - 30% - 30% - 15:17
4 - 0% - 0% - 0:00
PP Forward
1 - 56% - 50% - 1:22
2 - 44% - 50% - 1:05
PP Defense
1 - 60% - 50% - 1:28
2 - 40% - 50% - 0:59
PK Forward
1 - 57% - 50% - 3:39
2 - 43% - 50% - 2:47
PK Defense
1 - 50% - 50% - 3:12
2 - 50% - 50% - 3:14
PK3 Forward
1 - 0% - 50%
2 - 0% - 50%
PK3 Defense
1 - 0% - 50%
2 - 0% - 50%
44 Forward
1 - 0% - 50%
2 - 0% - 50%
44 Defense
1 - 0% - 50%
2 - 0% - 50%
Last Minute Offensive - 0:00
Last Minute Defensive - 0:00
Total
Forward - 60:00
Defense - 60:00
|
% Time on Ice - Hartford Whalers
Lines # - Real PCT - Wanted PCT - Time Play
Normal Forward
1 - 33% - 35% - 16:50
2 - 26% - 30% - 13:21
3 - 22% - 25% - 11:10
4 - 19% - 10% - 9:46
Normal Defense
1 - 37% - 38% - 19:08
2 - 37% - 37% - 19:03
3 - 25% - 25% - 12:56
4 - 0% - 0% - 0:00
PP Forward
1 - 52% - 50% - 3:21
2 - 48% - 50% - 3:05
PP Defense
1 - 51% - 50% - 3:16
2 - 49% - 50% - 3:10
PK Forward
1 - 58% - 50% - 1:25
2 - 42% - 50% - 1:02
PK Defense
1 - 73% - 50% - 1:48
2 - 27% - 50% - 0:39
PK3 Forward
1 - 0% - 50%
2 - 0% - 50%
PK3 Defense
1 - 0% - 50%
2 - 0% - 50%
44 Forward
1 - 0% - 50%
2 - 0% - 50%
44 Defense
1 - 0% - 50%
2 - 0% - 50%
Last Minute Offensive - 0:00
Last Minute Defensive - 0:00
Total
Forward - 60:00
Defense - 60:00
|
Play-by-Play
1st period
0:01 of 1st period - Leon Draisaitl wins face-off versus Alexander Wennberg in neutral zone.
0:36 of 1st period - Snap shot by Sam Reinhart.
0:36 of 1st period - Shot Misses the Net.
0:48 of 1st period - Snap shot by Josh Anderson.
0:48 of 1st period - Stopped by Marc-Andre Fleury with a rebound.
1:49 of 1st period - Pavel Buchnevich is hit by Erik Cernak and loses puck.
2:38 of 1st period - Wrist shot by Leon Draisaitl.
2:38 of 1st period - Shot Blocked by Joel Edmundson.
2:44 of 1st period - Wrist shot by Leon Draisaitl.
2:44 of 1st period - Shot Misses the Net.
2:52 of 1st period - Wrist shot by Leon Draisaitl.
2:52 of 1st period - Stopped by Semyon Varlamov with a rebound.
2:54 of 1st period - Snap shot by Mitchell Marner.
2:54 of 1st period - Shot Misses the Net.
3:03 of 1st period - Off-side.
3:04 of 1st period - Joshua Norris wins face-off versus Jean-Gabriel Pageau in neutral zone.
3:09 of 1st period - Snap shot by Alexis Lafreniere.
3:09 of 1st period - Goal by Alexis Lafreniere - Pittsburgh Penguins : 0 - Hartford Whalers : 1.
3:10 of 1st period - Jean-Gabriel Pageau wins face-off versus Joshua Norris in neutral zone.
4:20 of 1st period - Snap shot by Tom Wilson.
4:20 of 1st period - Shot Misses the Net.
4:22 of 1st period - Slapshot by Erik Karlsson.
4:22 of 1st period - Shot Blocked by Joshua Norris.
4:24 of 1st period - Slapshot by Erik Karlsson.
4:24 of 1st period - Shot Misses the Net.
4:26 of 1st period - Snap shot by Sam Reinhart.
4:26 of 1st period - Shot Misses the Net.
4:58 of 1st period - Snap shot by Ryan Strome.
4:58 of 1st period - Stopped by Marc-Andre Fleury with a rebound.
5:25 of 1st period - Thomas Chabot is hit by Ryan Johansen and loses puck.
6:21 of 1st period - Casey Cizikas is hit by Mattias Ekholm and loses puck.
6:36 of 1st period - Snap shot by Mike Hoffman.
6:36 of 1st period - Deflect By Ryan Strome.
6:36 of 1st period - Shot Blocked by Mitchell Marner.
6:36 of 1st period - Puck is out of play.
6:37 of 1st period - Ryan Strome wins face-off versus Phillip Danault in Pittsburgh Penguins zone.
7:27 of 1st period - Snap shot by Anders Lee.
7:27 of 1st period - Shot Misses the Net.
7:57 of 1st period - Snap shot by Sam Reinhart.
7:57 of 1st period - Stopped by Semyon Varlamov without a rebound.
7:58 of 1st period - Phillip Danault wins face-off versus Eetu Luostarinen in Hartford Whalers zone.
8:03 of 1st period - Snap shot by Ryan Johansen.
8:03 of 1st period - Shot Misses the Net.
8:35 of 1st period - Snap shot by Pavel Buchnevich.
8:35 of 1st period - Stopped by Semyon Varlamov with a rebound.
9:32 of 1st period - Alexander Wennberg is hit by Leon Draisaitl and loses puck.
9:45 of 1st period - Alec Martinez is hit by Anders Lee and loses puck.
10:00 of 1st period - Snap shot by Tom Wilson.
10:00 of 1st period - Stopped by Semyon Varlamov without a rebound.
10:01 of 1st period - Ryan Strome wins face-off versus Colton Sissons in Hartford Whalers zone.
10:36 of 1st period - Snap shot by Ryan Johansen.
10:36 of 1st period - Shot Blocked by Jaccob Slavin.
10:58 of 1st period - Wrist shot by Sam Reinhart.
10:58 of 1st period - Goal by Sam Reinhart - Pittsburgh Penguins : 1 - Hartford Whalers : 1.
10:59 of 1st period - Leon Draisaitl wins face-off versus Joshua Norris in neutral zone.
11:02 of 1st period - Slapshot by Leon Draisaitl.
11:02 of 1st period - Stopped by Semyon Varlamov with a rebound.
11:31 of 1st period - Brian Dumoulin is hit by Jaccob Slavin and loses puck.
11:46 of 1st period - Eetu Luostarinen is hit by Ryan Suter and loses puck.
12:28 of 1st period - Slapshot by Sam Reinhart.
12:28 of 1st period - Stopped by Semyon Varlamov with a rebound.
12:42 of 1st period - Wrist shot by Mike Hoffman.
12:42 of 1st period - Stopped by Marc-Andre Fleury with a rebound.
12:47 of 1st period - Minor Penalty to Anders Lee for Slashing.
12:48 of 1st period - Leon Draisaitl wins face-off versus T.J. Oshie in Pittsburgh Penguins zone.
13:04 of 1st period - Slapshot by Pavel Buchnevich.
13:04 of 1st period - Shot Misses the Net.
13:28 of 1st period - Wrist shot by Leon Draisaitl.
13:28 of 1st period - Shot Blocked by Jaccob Slavin.
14:04 of 1st period - Leon Draisaitl is hit by Alexis Lafreniere.
14:47 of 1st period - Penalty to Anders Lee is over, Anders Lee is back on ice.
15:12 of 1st period - Marcus Foligno is hit by Colton Sissons and loses puck.
16:08 of 1st period - Snap shot by Gabriel Vilardi.
16:08 of 1st period - Shot Blocked by T.J. Oshie.
16:10 of 1st period - Slapshot by Erik Gudbranson.
16:10 of 1st period - Shot Misses the Net.
16:20 of 1st period - Jordan Eberle is hit by Marcus Foligno and loses puck.
16:58 of 1st period - Minor Penalty to Erik Gudbranson for Hooking.
16:59 of 1st period - Leon Draisaitl wins face-off versus Alexander Wennberg in Pittsburgh Penguins zone.
16:59 of 1st period - Leon Draisaitl is hit by Taylor Hall.
17:11 of 1st period - Wrist shot by Taylor Hall.
17:11 of 1st period - Shot Blocked by Brian Dumoulin.
17:27 of 1st period - Wrist shot by Andre Burakovsky.
17:27 of 1st period - Goal by Andre Burakovsky - Pittsburgh Penguins : 1 - Hartford Whalers : 2.
17:28 of 1st period - Leon Draisaitl wins face-off versus Alexander Wennberg in neutral zone.
17:41 of 1st period - Snap shot by Mitchell Marner.
17:41 of 1st period - Stopped by Semyon Varlamov with a rebound.
17:43 of 1st period - Slapshot by Ryan Suter.
17:43 of 1st period - Shot Misses the Net.
17:45 of 1st period - Snap shot by Leon Draisaitl.
17:45 of 1st period - Shot Blocked by Joel Edmundson.
17:57 of 1st period - Slapshot by Josh Anderson.
17:57 of 1st period - Shot Blocked by Sam Reinhart.
17:59 of 1st period - Snap shot by Josh Anderson.
17:59 of 1st period - Shot Misses the Net.
18:01 of 1st period - Wrist shot by Josh Anderson.
18:01 of 1st period - Shot Blocked by Brian Dumoulin.
18:03 of 1st period - Backhand shot by Joel Edmundson.
18:03 of 1st period - Deflect By Josh Anderson.
18:03 of 1st period - Shot Blocked by Brian Dumoulin.
18:03 of 1st period - Puck is out of play.
18:04 of 1st period - Phillip Danault wins face-off versus Joshua Norris in Pittsburgh Penguins zone.
18:29 of 1st period - Erik Karlsson is hit by T.J. Oshie and loses puck.
19:54 of 1st period - Ryan Suter is hit by Alexander Wennberg and loses puck.
Goals for this period are 1 for Pittsburgh Penguins vs 2 for Hartford Whalers.
Shots for this period are 8 for Pittsburgh Penguins vs 5 for Hartford Whalers.
2nd period
0:01 of 2nd period - Alexander Wennberg wins face-off versus Leon Draisaitl in neutral zone.
0:03 of 2nd period - Minor Penalty to Thomas Chabot for Boarding.
0:04 of 2nd period - Leon Draisaitl wins face-off versus Casey Cizikas in Hartford Whalers zone.
1:28 of 2nd period - Brian Dumoulin is hit by Eetu Luostarinen and loses puck.
2:03 of 2nd period - Penalty to Thomas Chabot is over, Thomas Chabot is back on ice.
2:19 of 2nd period - Snap shot by Tom Wilson.
2:19 of 2nd period - Shot Misses the Net.
2:21 of 2nd period - Snap shot by Tom Wilson.
2:21 of 2nd period - Shot Blocked by Alec Martinez.
2:23 of 2nd period - Slapshot by Tom Wilson.
2:23 of 2nd period - Stopped by Semyon Varlamov with a rebound.
2:37 of 2nd period - Snap shot by Andre Burakovsky.
2:37 of 2nd period - Stopped by Marc-Andre Fleury without a rebound.
2:38 of 2nd period - Joshua Norris wins face-off versus Phillip Danault in Pittsburgh Penguins zone.
3:07 of 2nd period - Phillip Danault is hit by Jaccob Slavin and loses puck.
4:02 of 2nd period - Snap shot by Andre Burakovsky.
4:02 of 2nd period - Stopped by Marc-Andre Fleury with a rebound.
4:14 of 2nd period - Brian Dumoulin is hit by Nikita Zaitsev and loses puck.
4:19 of 2nd period - Snap shot by Eetu Luostarinen.
4:19 of 2nd period - Stopped by Marc-Andre Fleury with a rebound.
4:33 of 2nd period - Wrist shot by Taylor Hall.
4:33 of 2nd period - Stopped by Marc-Andre Fleury without a rebound.
4:34 of 2nd period - Leon Draisaitl wins face-off versus Joshua Norris in Pittsburgh Penguins zone.
4:45 of 2nd period - Snap shot by Andre Burakovsky.
4:45 of 2nd period - Shot Misses the Net.
5:26 of 2nd period - Erik Gudbranson is hit by Casey Cizikas and loses puck.
5:37 of 2nd period - Wrist shot by Mike Hoffman.
5:37 of 2nd period - Shot Hit the Post.
5:39 of 2nd period - Slapshot by Marcus Foligno.
5:39 of 2nd period - Stopped by Marc-Andre Fleury with a rebound.
5:41 of 2nd period - Wrist shot by Ryan Strome.
5:41 of 2nd period - Shot Misses the Net.
5:43 of 2nd period - Snap shot by Alec Martinez.
5:43 of 2nd period - Stopped by Marc-Andre Fleury with a rebound.
5:45 of 2nd period - Slapshot by Marcus Foligno.
5:45 of 2nd period - Shot Misses the Net.
5:49 of 2nd period - Snap shot by Ryan Strome.
5:49 of 2nd period - Shot Misses the Net.
6:07 of 2nd period - Snap shot by Alexander Wennberg.
6:07 of 2nd period - Stopped by Marc-Andre Fleury with a rebound.
6:09 of 2nd period - Snap shot by Alexander Wennberg.
6:09 of 2nd period - Shot Misses the Net.
6:11 of 2nd period - Snap shot by Taylor Hall.
6:11 of 2nd period - Deflect By J.J. Moser.
6:11 of 2nd period - Shot Blocked by Erik Gudbranson.
6:11 of 2nd period - Puck is out of play.
6:12 of 2nd period - Casey Cizikas wins face-off versus Jean-Gabriel Pageau in Pittsburgh Penguins zone.
6:13 of 2nd period - Snap shot by Eetu Luostarinen.
6:13 of 2nd period - Stopped by Marc-Andre Fleury without a rebound.
6:14 of 2nd period - Casey Cizikas wins face-off versus Jean-Gabriel Pageau in Pittsburgh Penguins zone.
6:17 of 2nd period - Snap shot by Eetu Luostarinen.
6:17 of 2nd period - Shot Misses the Net.
6:19 of 2nd period - Snap shot by Casey Cizikas.
6:19 of 2nd period - Stopped by Marc-Andre Fleury without a rebound.
6:20 of 2nd period - Casey Cizikas wins face-off versus Jean-Gabriel Pageau in Pittsburgh Penguins zone.
6:25 of 2nd period - Slapshot by Eetu Luostarinen.
6:25 of 2nd period - Stopped by Marc-Andre Fleury without a rebound.
6:26 of 2nd period - Jean-Gabriel Pageau wins face-off versus Alexander Wennberg in Pittsburgh Penguins zone.
6:32 of 2nd period - Off-side.
6:33 of 2nd period - Jean-Gabriel Pageau wins face-off versus Alexander Wennberg in neutral zone.
7:07 of 2nd period - Slapshot by Sam Reinhart.
7:07 of 2nd period - Shot Misses the Net.
7:09 of 2nd period - Minor Penalty to Taylor Hall for Hooking.
7:10 of 2nd period - Leon Draisaitl wins face-off versus Casey Cizikas in Hartford Whalers zone.
7:19 of 2nd period - Wrist shot by Mitchell Marner.
7:19 of 2nd period - Stopped by Semyon Varlamov with a rebound.
7:21 of 2nd period - Slapshot by Mattias Ekholm.
7:21 of 2nd period - Shot Blocked by Casey Cizikas.
7:27 of 2nd period - Slapshot by Leon Draisaitl.
7:27 of 2nd period - Shot Misses the Net.
7:37 of 2nd period - Snap shot by Sam Reinhart.
7:37 of 2nd period - Goal by Sam Reinhart - Pittsburgh Penguins : 2 - Hartford Whalers : 2.
7:38 of 2nd period - Leon Draisaitl wins face-off versus Andre Burakovsky in neutral zone.
8:05 of 2nd period - Jean-Gabriel Pageau is hit by Casey Cizikas and loses puck.
8:16 of 2nd period - Wrist shot by Sam Reinhart.
8:16 of 2nd period - Stopped by Semyon Varlamov with a rebound.
8:56 of 2nd period - Snap shot by Ryan Strome.
8:56 of 2nd period - Stopped by Marc-Andre Fleury with a rebound.
9:16 of 2nd period - Wrist shot by Mitchell Marner.
9:16 of 2nd period - Stopped by Semyon Varlamov without a rebound.
9:17 of 2nd period - Casey Cizikas wins face-off versus Leon Draisaitl in Hartford Whalers zone.
10:14 of 2nd period - Snap shot by Leon Draisaitl.
10:14 of 2nd period - Shot Misses the Net.
10:16 of 2nd period - Slapshot by J.J. Moser.
10:16 of 2nd period - Stopped by Semyon Varlamov without a rebound.
10:17 of 2nd period - Casey Cizikas wins face-off versus Jean-Gabriel Pageau in Hartford Whalers zone.
10:31 of 2nd period - Off-side.
10:32 of 2nd period - Phillip Danault wins face-off versus Alexander Wennberg in neutral zone.
10:35 of 2nd period - Wrist shot by Ryan Johansen.
10:35 of 2nd period - Shot Misses the Net.
10:43 of 2nd period - Jordan Eberle is hit by T.J. Oshie and loses puck.
11:04 of 2nd period - Wrist shot by Sam Reinhart.
11:04 of 2nd period - Stopped by Semyon Varlamov with a rebound.
11:22 of 2nd period - Wrist shot by Ryan Strome.
11:22 of 2nd period - Shot Misses the Net.
11:28 of 2nd period - Erik Cernak is hit by Tom Wilson and loses puck.
11:45 of 2nd period - Wrist shot by Eetu Luostarinen.
11:45 of 2nd period - Shot Misses the Net.
12:01 of 2nd period - Josh Anderson is hit by Mattias Ekholm and loses puck.
12:06 of 2nd period - Slapshot by Ryan Johansen.
12:06 of 2nd period - Deflect By Phillip Danault.
12:06 of 2nd period - Shot Misses the Net.
12:06 of 2nd period - Puck is out of play.
12:07 of 2nd period - Phillip Danault wins face-off versus Alexander Wennberg in Hartford Whalers zone.
12:12 of 2nd period - Snap shot by Ryan Johansen.
12:12 of 2nd period - Shot Misses the Net.
12:59 of 2nd period - Snap shot by Anders Lee.
12:59 of 2nd period - Shot Blocked by Alec Martinez.
13:01 of 2nd period - Snap shot by Anders Lee.
13:01 of 2nd period - Shot Misses the Net.
13:03 of 2nd period - Slapshot by J.J. Moser.
13:03 of 2nd period - Deflect By Jean-Gabriel Pageau.
13:03 of 2nd period - Stopped by Semyon Varlamov with a rebound.
13:21 of 2nd period - Slapshot by Sam Reinhart.
13:21 of 2nd period - Shot Blocked by Nikita Zaitsev.
13:23 of 2nd period - Snap shot by Anders Lee.
13:23 of 2nd period - Shot Misses the Net.
13:25 of 2nd period - Snap shot by Anders Lee.
13:25 of 2nd period - Shot Misses the Net.
14:10 of 2nd period - Snap shot by Sam Reinhart.
14:10 of 2nd period - Shot Misses the Net.
14:12 of 2nd period - Snap shot by J.J. Moser.
14:12 of 2nd period - Stopped by Semyon Varlamov with a rebound.
14:14 of 2nd period - Slapshot by Sam Reinhart.
14:14 of 2nd period - Goal by Sam Reinhart - Pittsburgh Penguins : 3 - Hartford Whalers : 2.
14:15 of 2nd period - Alexander Wennberg wins face-off versus Leon Draisaitl in neutral zone.
14:28 of 2nd period - Slapshot by Taylor Hall.
14:28 of 2nd period - Shot Misses the Net.
14:30 of 2nd period - Slapshot by Taylor Hall.
14:30 of 2nd period - Shot Blocked by Erik Karlsson.
14:40 of 2nd period - Joshua Norris is hit by Phillip Danault and loses puck.
14:47 of 2nd period - Snap shot by Phillip Danault.
14:47 of 2nd period - Stopped by Semyon Varlamov without a rebound.
14:48 of 2nd period - Alexander Wennberg wins face-off versus Ryan Johansen in Hartford Whalers zone.
14:53 of 2nd period - Wrist shot by Thomas Chabot.
14:53 of 2nd period - Deflect By Alexander Wennberg.
14:53 of 2nd period - Stopped by Marc-Andre Fleury without a rebound.
14:54 of 2nd period - Alexander Wennberg wins face-off versus Phillip Danault in Pittsburgh Penguins zone.
15:41 of 2nd period - Slapshot by Tom Wilson.
15:41 of 2nd period - Shot Blocked by Jaccob Slavin.
15:43 of 2nd period - Snap shot by Mattias Ekholm.
15:43 of 2nd period - Shot Blocked by Thomas Chabot.
16:21 of 2nd period - Wrist shot by Anders Lee.
16:21 of 2nd period - Stopped by Semyon Varlamov with a rebound.
16:29 of 2nd period - Slapshot by Mattias Ekholm.
16:29 of 2nd period - Shot Blocked by Marcus Foligno.
16:50 of 2nd period - Icing by Erik Cernak.
16:51 of 2nd period - Leon Draisaitl wins face-off versus Joshua Norris in Hartford Whalers zone.
16:56 of 2nd period - Snap shot by Mitchell Marner.
16:56 of 2nd period - Shot Misses the Net.
16:58 of 2nd period - Slapshot by Pavel Buchnevich.
16:58 of 2nd period - Stopped by Semyon Varlamov without a rebound.
16:59 of 2nd period - Alexander Wennberg wins face-off versus Pavel Buchnevich in Hartford Whalers zone.
17:04 of 2nd period - Ryan Suter is hit by T.J. Oshie and loses puck.
17:19 of 2nd period - Snap shot by Mitchell Marner.
17:19 of 2nd period - Stopped by Semyon Varlamov with a rebound.
17:21 of 2nd period - Slapshot by Ryan Suter.
17:21 of 2nd period - Deflect By Josh Anderson.
17:21 of 2nd period - Stopped by Semyon Varlamov with a rebound.
17:23 of 2nd period - Wrist shot by Pavel Buchnevich.
17:23 of 2nd period - Deflect By Leon Draisaitl.
17:23 of 2nd period - Shot Misses the Net.
17:23 of 2nd period - Puck is out of play.
17:24 of 2nd period - Phillip Danault wins face-off versus Casey Cizikas in Hartford Whalers zone.
17:25 of 2nd period - Snap shot by Jordan Eberle.
17:25 of 2nd period - Shot Hit the Post.
17:35 of 2nd period - Jordan Eberle is hit by Eetu Luostarinen and loses puck.
17:50 of 2nd period - Joel Edmundson is hit by Anders Lee and loses puck.
17:56 of 2nd period - Off-side.
17:57 of 2nd period - Jean-Gabriel Pageau wins face-off versus Joshua Norris in neutral zone.
17:57 of 2nd period - Jean-Gabriel Pageau is hit by Andre Burakovsky.
18:05 of 2nd period - Slapshot by Jean-Gabriel Pageau.
18:05 of 2nd period - Stopped by Semyon Varlamov without a rebound.
18:06 of 2nd period - Joshua Norris wins face-off versus Leon Draisaitl in Hartford Whalers zone.
18:12 of 2nd period - Off-side.
18:13 of 2nd period - Alexander Wennberg wins face-off versus Mitchell Marner in neutral zone.
18:40 of 2nd period - Alexis Lafreniere is hit by Erik Karlsson and loses puck.
19:05 of 2nd period - Slapshot by Thomas Chabot.
19:05 of 2nd period - Stopped by Marc-Andre Fleury with a rebound.
19:07 of 2nd period - Slapshot by Mike Hoffman.
19:07 of 2nd period - Stopped by Marc-Andre Fleury with a rebound.
19:09 of 2nd period - Slapshot by Marcus Foligno.
19:09 of 2nd period - Shot Misses the Net.
19:11 of 2nd period - Slapshot by Mike Hoffman.
19:11 of 2nd period - Deflect By Marcus Foligno.
19:11 of 2nd period - Stopped by Marc-Andre Fleury with a rebound.
19:27 of 2nd period - Snap shot by Tom Wilson.
19:27 of 2nd period - Shot Misses the Net.
19:29 of 2nd period - Slapshot by J.J. Moser.
19:29 of 2nd period - Shot Misses the Net.
19:31 of 2nd period - Snap shot by Gabriel Vilardi.
19:31 of 2nd period - Shot Hit the Post.
19:33 of 2nd period - Slapshot by J.J. Moser.
19:33 of 2nd period - Stopped by Semyon Varlamov with a rebound.
19:35 of 2nd period - Wrist shot by Tom Wilson.
19:35 of 2nd period - Shot Hit the Post.
19:37 of 2nd period - Slapshot by Erik Gudbranson.
19:37 of 2nd period - Stopped by Semyon Varlamov without a rebound.
19:38 of 2nd period - Alexander Wennberg wins face-off versus Leon Draisaitl in Hartford Whalers zone.
19:53 of 2nd period - Snap shot by Leon Draisaitl.
19:53 of 2nd period - Stopped by Semyon Varlamov without a rebound.
19:54 of 2nd period - Joshua Norris wins face-off versus Jean-Gabriel Pageau in Hartford Whalers zone.
Goals for this period are 2 for Pittsburgh Penguins vs 0 for Hartford Whalers.
Shots for this period are 19 for Pittsburgh Penguins vs 15 for Hartford Whalers.
3rd period
0:01 of 3rd period - Taylor Hall wins face-off versus Leon Draisaitl in neutral zone.
0:08 of 3rd period - Snap shot by Alexander Wennberg.
0:08 of 3rd period - Shot Misses the Net.
0:10 of 3rd period - Slapshot by Erik Cernak.
0:10 of 3rd period - Stopped by Marc-Andre Fleury with a rebound.
0:12 of 3rd period - Slapshot by T.J. Oshie.
0:12 of 3rd period - Stopped by Marc-Andre Fleury without a rebound.
0:13 of 3rd period - Josh Anderson wins face-off versus Leon Draisaitl in Pittsburgh Penguins zone.
0:40 of 3rd period - Jaccob Slavin is hit by Jean-Gabriel Pageau and loses puck.
1:03 of 3rd period - Wrist shot by Alexander Wennberg.
1:03 of 3rd period - Stopped by Marc-Andre Fleury without a rebound.
1:04 of 3rd period - Phillip Danault wins face-off versus Alexander Wennberg in Pittsburgh Penguins zone.
1:09 of 3rd period - Slapshot by Mattias Ekholm.
1:09 of 3rd period - Shot Misses the Net.
1:11 of 3rd period - Snap shot by Jordan Eberle.
1:11 of 3rd period - Deflect By Phillip Danault.
1:11 of 3rd period - Shot Blocked by Joel Edmundson.
1:11 of 3rd period - Puck is out of play.
1:12 of 3rd period - Joshua Norris wins face-off versus Leon Draisaitl in Hartford Whalers zone.
1:12 of 3rd period - Joshua Norris is hit by Erik Karlsson.
1:23 of 3rd period - Minor Penalty to Mitchell Marner for Interference.
1:24 of 3rd period - Joshua Norris wins face-off versus Leon Draisaitl in Pittsburgh Penguins zone.
1:38 of 3rd period - Wrist shot by Andre Burakovsky.
1:38 of 3rd period - Stopped by Marc-Andre Fleury with a rebound.
1:40 of 3rd period - Snap shot by Andre Burakovsky.
1:40 of 3rd period - Shot Misses the Net.
2:02 of 3rd period - Sam Reinhart is hit by Taylor Hall and loses puck.
3:13 of 3rd period - Thomas Chabot is hit by Erik Karlsson and loses puck.
3:23 of 3rd period - Penalty to Mitchell Marner is over, Mitchell Marner is back on ice.
3:52 of 3rd period - Casey Cizikas is hit by Erik Gudbranson and loses puck.
3:58 of 3rd period - Off-side.
3:59 of 3rd period - Ryan Strome wins face-off versus Jean-Gabriel Pageau in neutral zone.
4:14 of 3rd period - Snap shot by Ryan Strome.
4:14 of 3rd period - Stopped by Marc-Andre Fleury without a rebound.
4:15 of 3rd period - Leon Draisaitl wins face-off versus Alexander Wennberg in Pittsburgh Penguins zone.
4:15 of 3rd period - Leon Draisaitl is hit by Taylor Hall.
4:25 of 3rd period - Wrist shot by Leon Draisaitl.
4:25 of 3rd period - Shot Blocked by Jaccob Slavin.
4:27 of 3rd period - Slapshot by Pavel Buchnevich.
4:27 of 3rd period - Shot Blocked by T.J. Oshie.
5:07 of 3rd period - Snap shot by Thomas Chabot.
5:07 of 3rd period - Shot Misses the Net.
5:09 of 3rd period - Slapshot by Jaccob Slavin.
5:09 of 3rd period - Shot Misses the Net.
5:11 of 3rd period - Snap shot by Jaccob Slavin.
5:11 of 3rd period - Deflect By Anders Lee.
5:11 of 3rd period - Stopped by Marc-Andre Fleury with a rebound.
5:21 of 3rd period - Joel Edmundson is hit by Tom Wilson and loses puck.
6:13 of 3rd period - Slapshot by Joshua Norris.
6:13 of 3rd period - Stopped by Marc-Andre Fleury with a rebound.
7:00 of 3rd period - Off-side.
7:01 of 3rd period - Leon Draisaitl wins face-off versus Alexander Wennberg in neutral zone.
7:13 of 3rd period - Wrist shot by Taylor Hall.
7:13 of 3rd period - Shot Blocked by Ryan Suter.
7:15 of 3rd period - Slapshot by Jaccob Slavin.
7:15 of 3rd period - Shot Blocked by Leon Draisaitl.
7:33 of 3rd period - Wrist shot by Andre Burakovsky.
7:33 of 3rd period - Shot Misses the Net.
7:35 of 3rd period - Snap shot by Alexis Lafreniere.
7:35 of 3rd period - Stopped by Marc-Andre Fleury with a rebound.
7:37 of 3rd period - Slapshot by Alexis Lafreniere.
7:37 of 3rd period - Stopped by Marc-Andre Fleury with a rebound.
7:39 of 3rd period - Wrist shot by Joshua Norris.
7:39 of 3rd period - Shot Blocked by Ryan Suter.
8:23 of 3rd period - Wrist shot by Gabriel Vilardi.
8:23 of 3rd period - Stopped by Semyon Varlamov with a rebound.
8:47 of 3rd period - Snap shot by Pavel Buchnevich.
8:47 of 3rd period - Stopped by Semyon Varlamov with a rebound.
9:46 of 3rd period - Wrist shot by Colton Sissons.
9:46 of 3rd period - Goal by Colton Sissons - Pittsburgh Penguins : 4 - Hartford Whalers : 2.
9:47 of 3rd period - Alexander Wennberg wins face-off versus Leon Draisaitl in neutral zone.
10:22 of 3rd period - Wrist shot by Alexis Lafreniere.
10:22 of 3rd period - Stopped by Marc-Andre Fleury with a rebound.
10:24 of 3rd period - Snap shot by Andre Burakovsky.
10:24 of 3rd period - Stopped by Marc-Andre Fleury with a rebound.
10:44 of 3rd period - Wrist shot by Ryan Johansen.
10:44 of 3rd period - Deflect By Jordan Eberle.
10:44 of 3rd period - Shot Misses the Net.
10:44 of 3rd period - Puck is out of play.
10:45 of 3rd period - Leon Draisaitl wins face-off versus Alexander Wennberg in Hartford Whalers zone.
10:53 of 3rd period - Off-side.
10:54 of 3rd period - Alexander Wennberg wins face-off versus Leon Draisaitl in neutral zone.
11:54 of 3rd period - Snap shot by Leon Draisaitl.
11:54 of 3rd period - Stopped by Semyon Varlamov without a rebound.
11:55 of 3rd period - Jean-Gabriel Pageau wins face-off versus Joshua Norris in Hartford Whalers zone.
12:20 of 3rd period - Phillip Danault is hit by Eetu Luostarinen and loses puck.
12:41 of 3rd period - Tom Wilson is hit by Erik Cernak and loses puck.
12:52 of 3rd period - Snap shot by Mike Hoffman.
12:52 of 3rd period - Shot Misses the Net.
12:58 of 3rd period - Minor Penalty to Tom Wilson for Tripping.
12:59 of 3rd period - Sam Reinhart wins face-off versus Joshua Norris in Pittsburgh Penguins zone.
13:12 of 3rd period - Snap shot by Alec Martinez.
13:12 of 3rd period - Deflect By Andre Burakovsky.
13:12 of 3rd period - Shot Misses the Net.
13:12 of 3rd period - Puck is out of play.
13:13 of 3rd period - Alexander Wennberg wins face-off versus Sam Reinhart in Pittsburgh Penguins zone.
14:39 of 3rd period - Icing by Alec Martinez.
14:40 of 3rd period - Mitchell Marner wins face-off versus Alexander Wennberg in Hartford Whalers zone.
14:58 of 3rd period - Penalty to Tom Wilson is over, Tom Wilson is back on ice.
14:59 of 3rd period - Snap shot by Sam Reinhart.
14:59 of 3rd period - Stopped by Semyon Varlamov with a rebound.
15:01 of 3rd period - Snap shot by Pavel Buchnevich.
15:01 of 3rd period - Stopped by Semyon Varlamov without a rebound.
15:02 of 3rd period - Phillip Danault wins face-off versus Joshua Norris in Hartford Whalers zone.
15:02 of 3rd period - Erik Karlsson is hit by Erik Cernak and loses puck.
15:29 of 3rd period - Tom Wilson is hit by Josh Anderson and loses puck.
16:16 of 3rd period - Snap shot by Anders Lee.
16:16 of 3rd period - Shot Misses the Net.
16:18 of 3rd period - Slapshot by Anders Lee.
16:18 of 3rd period - Stopped by Semyon Varlamov with a rebound.
16:20 of 3rd period - Slapshot by Mattias Ekholm.
16:20 of 3rd period - Deflect By Andre Burakovsky.
16:20 of 3rd period - Stopped by Semyon Varlamov with a rebound.
16:22 of 3rd period - Snap shot by Jean-Gabriel Pageau.
16:22 of 3rd period - Shot Misses the Net.
18:09 of 3rd period - Colton Sissons is hit by Thomas Chabot and loses puck.
18:55 of 3rd period - Snap shot by Mitchell Marner.
18:55 of 3rd period - Shot Blocked by Joel Edmundson.
18:57 of 3rd period - Slapshot by Mitchell Marner.
18:57 of 3rd period - Shot Misses the Net.
19:33 of 3rd period - Erik Cernak is hit by Tom Wilson and loses puck.
19:56 of 3rd period - Jaccob Slavin is hit by Tom Wilson.
Goals for this period are 1 for Pittsburgh Penguins vs 0 for Hartford Whalers.
Shots for this period are 8 for Pittsburgh Penguins vs 11 for Hartford Whalers.
Back to the Top